 Dungeon Crawl Stone Soup version 0.31-a0-700-gf13585253f (webtiles) character file.

Game seed: 3549378663705940071

93 cforsyth the Trooper (level 4, -2/37 HPs)
             Began as a Djinni Chaos Knight on Sept 7, 2023.
             Was a Plaything of Xom.
             Slain by a gnoll
             ... wielding a +0 club
              (10 damage)
             ... on level 2 of the Dungeon.
             The game lasted 00:03:33 (1112 turns).

cforsyth the Trooper (Djinni Chaos Knight)          Turns: 1112, Time: 00:03:34

Health: -2/37      AC:  5    Str: 11    XL:     4   Next: 92%
Gold:   119        EV: 13    Int: 21    God:    Xom [.....*] SH:  0 Dex: 19

rFire   + + .        a - +0 falchion (chaos)
rCold   x . .        (no shield)
rNeg    . . .        b - +2 leather armour
rPois   ∞            d - +0 hat
rElec   .            (no cloak)
rCorr   .            (no gloves)
SInv    .            (boots unavailable)
Will    .....        (no amulet)
Stlth   +            e - +6 ring of intelligence
HPRegen 0.26/turn    l - +6 ring of dexterity
MPRegen 0.00/turn

%: infuse magic (-3 HP)
@: flying
A: sickness immunity, fire resistance 2, cold vulnerability 1, float, innate
caster, HP casting, extra vitality 1
a: Renounce Religion


You were on level 2 of the Dungeon.
You worshipped Xom.
You were Xom's teddy bear.
You visited 1 branch of the dungeon, and saw 3 of its levels.

You collected 119 gold pieces.

Inventory:

Hand Weapons
 a - a +0 falchion of chaos (weapon)
Armour
 b - a +2 leather armour (worn)
 d - a +0 hat (worn)
Jewellery
 e - a +6 ring of intelligence (left hand)
 l - a +6 ring of dexterity (right hand)
Scrolls
 f - 4 scrolls of identify {unknown}
 h - 2 scrolls of poison {unknown}
 j - 2 scrolls of amnesia {unknown}
 m - a scroll of revelation {unknown}
 o - a scroll of enchant armour {unknown}
Potions
 c - a potion of resistance {unknown}
 g - 2 potions of curing {unknown}
 i - 2 potions of attraction {unknown}
 k - a potion of brilliance {unknown}
 n - a potion of degeneration {unknown}


   Skills:
 + Level 3.7 Fighting
 - Level 3.2 Long Blades
 - Level 2.0 Armour
 - Level 3.0 Dodging
 + Level 0.4 Spellcasting
 + Level 0.4 Conjurations
 + Level 0.4 Hexes
   Level 0.0 Charms
 + Level 0.4 Summonings
 + Level 0.4 Necromancy
 + Level 0.4 Translocations
 + Level 0.4 Transmutations
 + Level 0.4 Fire Magic
 + Level 0.4 Ice Magic
 + Level 0.4 Air Magic
 + Level 0.4 Earth Magic
 + Level 0.4 Poison Magic


You knew the following spells:

 Your Spells              Type           Power      Damage    Failure   Level
a - Freeze                Ice            8%         1d3       19%         1
Your spell library was empty.

Dungeon Overview and Level Annotations

Branches:
Dungeon (3/15)

Altars:


Innate Abilities, Weirdness & Mutations

You are immune to sickness and miasma.
You are immune to poison.
Your flesh is very heat resistant. (rF++)
You are vulnerable to cold. (rC-)
You float through the air rather than walking.
You learn spells naturally, not from books.
Your magical power is your life essence.
You have superior vitality. (+4 MHP)


Message History

You barely miss the orc.
A gnoll comes into view. It is wielding a +0 whip.
The orc hits you with a +0 hand axe.
You hit the orc.
The orc is severely wounded.
The orc closely misses you.
You hit the orc but do no damage.
The orc is severely wounded.
The orc hits you with a +0 hand axe.
The gnoll hits you from afar with a +0 spear.
You hit the orc.
You kill the orc!
The gnoll hits you from afar with a +0 spear.
You hit the jackal but do no damage.
Space warps around the jackal.
The jackal is almost dead.
The jackal closely misses you. The gnoll closely misses you.
A gnoll comes into view. It is wielding a +0 club.
The jackal bites you but does no damage. "Serve the toy, my child!"
Your shadow imp hits the jackal but does no damage.
There is a stone staircase leading up here.
You closely miss the gnoll. The gnoll closely misses you. The jackal bites you.
The gnoll hits you with a +0 club. The jackal misses you.
Your shadow imp hits the jackal.
The jackal dies!
The gnoll closely misses you.
You fly upwards.
There is a stone staircase leading down here.
You are too injured to fight recklessly!
You hit the gnoll but do no damage.
The gnoll resists with some effort.
The gnoll closely misses you.
You hit the gnoll.
The gnoll goes berserk!
The gnoll is heavily wounded.
The gnoll completely misses you.
You hit the gnoll but do no damage.
The gnoll resists with some effort.
The gnoll is heavily wounded.
The gnoll hits you with a +0 club!
* * * LOW HITPOINT WARNING * * *
The gnoll hits you with a +0 club!
You die...

................
...##...................
b.###.......#####.......
................#..?... .
............###.#....# ..
............###.#....#...
..###.......# ...........
..# #........# #.........
.(###.b....... #@g)......
#........#... #.........
#........##. #.........
#....b.... #.........
#b.b.....# #.........
#b........ #.........
.....##### #.........
b...b##### #......(..
..........


You could see a gnoll (berserk).

Vanquished Creatures
  4 adders
  A worm (D:2)
  2 dart slugs
  2 orcs (D:3)
  8 ball pythons
  A bat (D:2)
  4 endoplasms
  2 giant cockroaches
  2 goblins
  6 hobgoblins
  4 jackals (D:3)
  A quokka (D:1)
  2 frilled lizards
  3 kobolds
  4 rats (D:1)
46 creatures vanquished.

Vanquished Creatures (collateral kills)
  A jackal (D:3)
1 creature vanquished.

Grand Total: 47 creatures vanquished

Notes
Turn   | Place    | Note
-------+----------+-------------------------------------------
     0 | D:1      | cforsyth the Djinni Chaos Knight began the quest for the
                  | Orb.
     0 | D:1      | Reached XP level 1. HP: 20/20 MP: 0/0
    46 | D:1      | XOM: silly message
    76 | D:1      | Reached XP level 2. HP: 15/25 MP: 0/0
   181 | D:1      | Found a faded altar of an unknown god.
   355 | D:1      | Reached XP level 3. HP: 30/30 MP: 0/0
   355 | D:1      | Learned a level 1 spell: Freeze
   570 | D:2      | XOM: silly message
   584 | D:2      | XOM: smoke on damage
   607 | D:2      | XOM: potion effect (invisibility)
   631 | D:2      | XOM: silly message
   643 | D:2      | Reached XP level 4. HP: 35/35 MP: 0/0
   679 | D:2      | a jackal changed into a glowing shapeshifter
   679 | D:2      | Noticed a glowing shapeshifter (glowing shapeshifter)
   679 | D:2      | a glowing shapeshifter changed into a moth of wrath
   679 | D:2      | Noticed a moth of wrath (glowing shapeshifter)
   680 | D:2      | a moth of wrath changed into a floating eye
   680 | D:2      | Noticed a floating eye (glowing shapeshifter)
   681 | D:2      | a floating eye changed into a two-headed ogre
   681 | D:2      | Noticed a two-headed ogre (glowing shapeshifter)
   684 | D:2      | a two-headed ogre changed into an elephant
   684 | D:2      | Noticed an elephant (glowing shapeshifter)
   685 | D:2      | XOM: potion effect (curing)
   685 | D:2      | an elephant changed into a merfolk
   685 | D:2      | Noticed a merfolk (glowing shapeshifter)
   689 | D:2      | a merfolk changed into a moth of wrath
   689 | D:2      | Noticed a moth of wrath (glowing shapeshifter)
   690 | D:2      | a moth of wrath changed into a glowing orange brain
   690 | D:2      | Noticed a glowing orange brain (glowing shapeshifter)
   877 | D:3      | XOM: divination: detect creatures
   979 | D:3      | XOM: divination: magic mapping
  1100 | D:3      | XOM: summons friendly shadow imp
  1112 | D:2      | Slain by a gnoll

Illustrated notes

Levels and vault maps discovered:
D:1:      dpeg_arrival_round_b, layout_rooms,
          hellmonk_ecumenical_altar_heavens_door, minmay_misc_feat_nine_boxes
D:2:      layout_basic
D:3:      lemuel_castle_with_subvaults [lemuel_castle_interior_carwin_1],
          layout_rooms, hangedman_glass_teeth

Skill      XL: |  1  2  3  4 |
---------------+-------------+-----
Long Blades    | 3 |  3.2
Armour         | 2 |  2.0
Dodging        | 3 |  3.0
Fighting       | |  3.7
Spellcasting   | |  0.4
Conjurations   | |  0.4
Hexes          | |  0.4
Summonings     | |  0.4
Necromancy     | |  0.4
Translocations | |  0.4
Transmutations | |  0.4
Fire Magic     | |  0.4
Ice Magic      | |  0.4
Air Magic      | |  0.4
Earth Magic    | |  0.4
Poison Magic   | |  0.4

Action                     |  1- 3 |  4- 6 || total
---------------------------+-------+-------++-------
  Melee: Falchion          |    75 |    82 ||   157
         Punch             |       |     1 ||     1
    Use: Scroll            |       |     1 ||     1
   Stab: Invisible         |     1 |     3 ||     4
 Armour: Leather armour    |    47 |    60 ||   107
  Dodge: Dodged            |    45 |   103 ||   148

Table legend: (Time is in decaauts)
 A = Elapsed time spent in this place.
 B = Non-inter-level travel time spent in this place.
 C = Inter-level travel time spent in this place.
 D = Time resting spent in this place.
 E = Time spent auto-exploring this place.
 F = Levels seen in this place.
 G = Mean time per level.
                   A        B        C        D        E       F      G
               +--------+--------+--------+--------+--------+-----+--------+
         Total |   1134 |   1121 |     13 |     99 |    561 |   3 |  378.0 |
       Dungeon |   1134 |   1121 |     13 |     99 |    561 |   3 |  378.0 |
               +--------+--------+--------+--------+--------+-----+--------+

Top non-repeatable levels by time:
     D:1: 557 daAuts
     D:3: 309 daAuts
     D:2: 267 daAuts
